 Dungeon Crawl Stone Soup version 0.31-a0-232-gb1c03b2570 (webtiles) character file.

Game seed: 13819751372415735320

447 qw the Shooter (level 6, -4/53 HPs)
             Began as a Minotaur Hexslinger on July 6, 2023.
             Slain by a gnoll sergeant
             ... wielding a +3 spear of freezing
              (5 damage)
             ... on level 5 of the Dungeon.
             The game lasted 00:01:35 (3960 turns).

qw the Shooter (Minotaur Hexslinger)                Turns: 3960, Time: 00:01:35

Health: -4/53      AC:  9    Str: 13    XL:     6   Next: 73%
Magic:  6/6        EV: 12    Int: 10    God:
Gold:   197        SH:  0    Dex: 14    Spells: 6/7 levels left

rFire   . . .        g - +0 shortbow
rCold   . . .        (shield currently unavailable)
rNeg    . . .        m - +1 leather armour {Will+}
rPois   .            (helmet restricted)
rElec   .            (no cloak)
rCorr   .            k - +0 pair of gloves
SInv    .            (no boots)
Will    ++...        h - amulet of faith
Stlth   +            l - ring of willpower
HPRegen 0.28/turn    d - +4 ring of protection
MPRegen 0.10/turn

%: faith
@: no status effects
A: horns 2, retaliatory headbutt
a: no special abilities


You were on level 5 of the Dungeon.
You visited 1 branch of the dungeon, and saw 5 of its levels.

You collected 246 gold pieces.
You spent 49 gold pieces at shops.


Innate Abilities, Weirdness & Mutations

You have a pair of horns on your head.
You reflexively headbutt those who attack you in melee.


   Skills:
 - Level 4.7 Fighting
 + Level 6.6 Ranged Weapons
 - Level 1.0 Armour
 - Level 2.1 Dodging
 - Level 1.0 Spellcasting
 - Level 2.0 Hexes


You had 6 spell levels left.
You knew the following spells:

 Your Spells              Type           Power      Damage    Failure   Level
a - Slow                  Hex            16%        N/A       19%         1

Your spell library contained the following spells:

 Spells                   Type           Power      Damage    Failure   Level
 Inner Flame              Hex/Fire       2%         N/A       65%         3
 Portal Projectile        Hex/Tloc       4%         N/A       65%         3
 Cause Fear               Hex            2%         N/A       88%         4

Inventory:

Hand Weapons
 g - a +0 shortbow (weapon)
Armour
 e - a +0 cloak
 k - a +0 pair of gloves (worn)
 m - a +1 leather armour of willpower (worn)
Jewellery
 b - an amulet of regeneration
 d - a +4 ring of protection (right hand)
 h - an amulet of faith (around neck)
 l - a ring of willpower (left hand)
Scrolls
 f - a scroll of identify
Potions
 a - a potion of haste
 c - 2 potions of curing
 i - a potion of enlightenment
 j - a potion of might

Dungeon Overview and Level Annotations

Branches:
Dungeon (5/15)
 Temple: D:4-7

Altars:

Shops:
D:3 [


Message History

The scorpion is heavily wounded.
The scorpion barely misses you.
The gnoll sergeant hits you from afar with a +3 spear of freezing!
The gnoll sergeant freezes you. The scorpion closely misses you.
You shoot an arrow. The arrow closely misses the scorpion.
The gnoll sergeant hits you but does no damage.
The scorpion misses you.
You shoot an arrow. The arrow closely misses the scorpion.
You hear a shout!
The gnoll sergeant closely misses you. The scorpion closely misses you.
You shoot an arrow. The arrow closely misses the scorpion.
The scorpion completely misses you. You furiously retaliate!
You headbutt the scorpion! The gnoll sergeant misses you.
The scorpion stings you.
You shoot an arrow.
The arrow hits the scorpion but does no damage.
The scorpion is severely wounded.
The gnoll sergeant hits you from afar with a +3 spear of freezing!
The gnoll sergeant freezes you. The scorpion misses you.
You furiously retaliate!
You headbutt the scorpion.
You kill the scorpion!
You shoot an arrow.
The arrow closely misses the gnoll sergeant.
The gnoll sergeant hits you from afar with a +3 spear of freezing.
The gnoll sergeant freezes you.
The gnoll sergeant hits you from afar with a +3 spear of freezing!
The gnoll sergeant freezes you. The gnoll hits you with a +0 whip.
You shoot an arrow.
The arrow hits the gnoll but does no damage.
A gnoll comes into view. It is wielding a +0 club.
The gnoll sergeant hits you but does no damage.
You shoot an arrow. The arrow hits the gnoll!
The gnoll is heavily wounded.
The gnoll sergeant closely misses you.
A gnoll comes into view. It is wielding a +0 flail.
The gnoll hits you with a +0 whip.
You shoot an arrow. The arrow closely misses the gnoll.
The gnoll hits you with a +0 whip.
The gnoll sergeant hits you from afar with a +3 spear of freezing.
You die...

#### ..# #.#
##.##############
#...............#
######......#........#
..............######.#
.#######..##..#.######.#
.......@g.##...........#
.#######g.##..#.####...#
.......g.##..#.####...#
##...s.................
#...#...#...#.####...#
#.......#.............
..)....... .......#...#
#g. ##...# ..#.####...#
#.. #...# .#.####....


You could see a gnoll sergeant and 2 gnolls.

Vanquished Creatures
  A centaur (D:4)
  2 scorpions
  2 jellies (D:3)
  Ijyb (D:4)
  A gnoll (D:5)
  2 adders
  A white imp (D:3)
  A worm (D:2)
  13 dart slugs
  10 orcs
  7 ball pythons
  4 bats
  4 endoplasms
  3 giant cockroaches
  8 goblins
  8 hobgoblins
  5 jackals (D:3)
  5 quokkas
  4 frilled lizards (D:1)
  4 kobolds
  4 rats
90 creatures vanquished.

Notes
Turn   | Place    | Note
-------+----------+-------------------------------------------
     0 | D:1      | qw the Minotaur Hexslinger began the quest for the Orb.
     0 | D:1      | Reached XP level 1. HP: 16/16 MP: 1/1
     0 | D:1      | 0 ||| qw: Version: 0.3-a-46-gb1f654a
     0 | D:1      | 0 ||| qw: Game counter: 2127
     0 | D:1      | 0 ||| qw: Melee chars always use a shield: true
     0 | D:1      | 0 ||| qw: God list: Okawaru
     0 | D:1      | 0 ||| qw: Allow faded altars: false
     0 | D:1      | 0 ||| qw: Do Orc after clearing Dungeon:15 true
     0 | D:1      | 0 ||| qw: Do second Lair branch before Depths: true
     0 | D:1      | 0 ||| qw: Lair rune preference: random
     0 | D:1      | 0 ||| qw: Goals: Normal
     0 | D:1      | 0 ||| PLANNING D:1-11
   214 | D:1      | Reached skill level 3 in Ranged Weapons
   214 | D:1      | Reached XP level 2. HP: 23/23 MP: 2/2
   246 | D:1      | Found a faded altar of an unknown god.
   632 | D:1      | Reached XP level 3. HP: 29/29 MP: 3/3
   956 | D:1      | 956 ||| UPGRADING to +0 leather armour.
   966 | D:1      | 966 ||| DROPPING +0 robe.
   967 | D:1      | 967 ||| READING scroll labelled WAOBUOPP OVUR.
   968 | D:1      | 968 ||| READING 2 scrolls labelled GEOR LUAMOAJE.
   973 | D:1      | 973 ||| READING scroll labelled PUMERO POADUU.
   974 | D:1      | 974 ||| DRINKING 3 lumpy amethyst potions.
   975 | D:1      | 975 ||| DROPPING scroll of poison.
   976 | D:1      | 976 ||| DROPPING 2 potions of brilliance.
  1270 | D:2      | Reached skill level 4 in Ranged Weapons
  1718 | D:2      | 1718 ||| UPGRADING to +0 ring mail.
  1728 | D:2      | 1728 ||| DROPPING +0 leather armour.
  1729 | D:2      | 1729 ||| READING scroll labelled YPUWIH QIOVUNO.
  1730 | D:2      | 1730 ||| READING scroll labelled GYLOETRO URYFF.
  1731 | D:2      | 1731 ||| READING 2 scrolls labelled LIOSITHIQO.
  1732 | D:2      | 1732 ||| READING 3 scrolls labelled MEIRED CIKIPUST.
  1733 | D:2      | 1733 ||| READING 2 scrolls of identify.
  1733 | D:2      | 1733 ||| IDENTIFYING fizzy black potion
  1734 | D:2      | 1734 ||| DROPPING scroll of fear.
  1768 | D:3      | 1768 ||| STAIRDANCE
  1799 | D:3      | 1799 ||| STAIRDANCE
  1811 | D:3      | 1811 ||| STAIRDANCE
  1830 | D:3      | 1830 ||| STAIRDANCE
  1854 | D:3      | 1854 ||| STAIRDANCE
  1871 | D:3      | 1871 ||| STAIRDANCE
  1874 | D:2      | Reached skill level 1 in Armour
  1893 | D:3      | Reached XP level 4. HP: 35/36 MP: 4/4
  1907 | D:3      | 1907 ||| FLEEEEING.
  1908 | D:3      | 1908 ||| FLEEEEING.
  1909 | D:3      | 1909 ||| STAIRDANCE
  1943 | D:3      | 1943 ||| Stepping ~*~*~tactically~*~*~ (water).
  1950 | D:3      | 1950 ||| FLEEEEING.
  1952 | D:3      | 1952 ||| STAIRDANCE
  1970 | D:3      | Reached skill level 5 in Ranged Weapons
  2187 | D:3      | 2187 ||| Stepping ~*~*~tactically~*~*~ (water).
  2260 | D:3      | Found Owebazat's Armour Shop.
  2276 | D:3      | 2276 ||| BUYING +0 pair of gloves (49 gold).
  2276 | D:3      | Bought a +0 pair of gloves for 49 gold pieces
  2276 | D:3      | 2276 ||| SHOPLISTING +2 leather armour of fire resistance
                  | (209 gold, have 110).
  2378 | D:3      | Reached XP level 5. HP: 44/44 MP: 5/5
  2389 | D:3      | Reached skill level 3 in Fighting
  2659 | D:3      | 2659 ||| Stepping ~*~*~tactically~*~*~ (water).
  2660 | D:3      | 2660 ||| UPGRADING to +0 pair of gloves.
  2665 | D:3      | 2665 ||| UPGRADING to amulet of regeneration.
  2675 | D:3      | 2675 ||| UPGRADING to amulet of faith.
  2685 | D:3      | 2685 ||| UPGRADING to ring of willpower.
  2686 | D:3      | 2686 ||| READING scroll labelled QYOMMY ATOQEW.
  2687 | D:3      | 2687 ||| DRINKING 2 smoky coppery potions.
  2688 | D:3      | 2688 ||| DRINKING 3 bubbling emerald potions.
  2689 | D:3      | 2689 ||| READING 2 scrolls of identify.
  2689 | D:3      | 2689 ||| IDENTIFYING murky cyan potion
  2690 | D:3      | 2690 ||| DROPPING potion of lignification.
  2876 | D:4      | HP: 10/45 [scorpion (6)]
  2877 | D:4      | 2877 ||| READING scroll of teleportation.
  2880 | D:4      | HP: 4/45 [poisoned by a scorpion]
  3056 | D:4      | 3056 ||| FLEEEEING.
  3106 | D:4      | Reached skill level 6 in Ranged Weapons
  3394 | D:4      | Reached XP level 6. HP: 52/52 MP: 6/6
  3406 | D:4      | HP: 7/52 [centaur/arrow (8)]
  3412 | D:4      | HP: 3/52 [centaur/arrow (6)]
  3596 | D:4      | 3596 ||| SWAPPING to +0 shortbow.
  3597 | D:4      | 3597 ||| DROPPING +2 sling.
  3687 | D:4      | Noticed Ijyb
  3707 | D:4      | Killed Ijyb
  3831 | D:4      | 3831 ||| UPGRADING to +1 leather armour of willpower.
  3841 | D:4      | 3841 ||| DROPPING +0 ring mail.
  3842 | D:4      | 3842 ||| UPGRADING to +4 ring of protection.
  3843 | D:4      | 3843 ||| READING 2 scrolls of identify.
  3843 | D:4      | 3843 ||| IDENTIFYING green potion
  3872 | D:5      | Entered Level 5 of the Dungeon
  3949 | D:5      | 3949 ||| Stepping ~*~*~tactically~*~*~ (outnumbered).
  3957 | D:5      | HP: 13/53 [gnoll sergeant/+3 spear of freezing (3)]
  3959 | D:5      | HP: 4/53 [gnoll/+0 whip[a gnoll sergeant] (5)]
  3960 | D:5      | HP: 1/53 [gnoll/+0 whip[a gnoll sergeant] (3)]
  3960 | D:5      | Slain by a gnoll sergeant

Levels and vault maps discovered:
D:1:      dpeg_arrival_central, layout_basic,
          hellmonk_ecumenical_altar_heavens_door
D:2:      layout_loops_ring, grunt_ministairs_6
D:3:      kennysheep_slugbush, layout_basic, serial_glass, glass_columns_a,
          glass_columns_b, serial_shops, shop_fountains,
          nicolae_underground_beach
D:4:      layout_loops_cross, uniq_ijyb
D:5:      layout_basic, yredelemnul_forgotten_temple_becter,
          mainiacjoe_overflow_alcove_2, mainiacjoe_overflow_catwalk_spiral,
          temple_green, serial_park_tiny_pond, uniq_duvessa

Skill      XL: |  1  2  3  4  5  6 |
---------------+-------------------+-----
Ranged Weapons | 3 4 5 6 |  6.6
Fighting       | 2 3 4 |  4.7
Armour         | 1 |  1.0
Dodging        | |  2.1
Spellcasting   | |  1.0
Hexes          | |  2.0

Action                     |  1- 3 |  4- 6 || total
---------------------------+-------+-------++-------
   Fire: Sling             |   128 |   174 ||   302
         Shortbow          |       |    38 ||    38
    Use: Scroll            |     8 |     4 ||    12
         Potion            |     1 |     2 ||     3
 Armour: Robe              |    10 |       ||    10
         Ring mail         |     4 |    42 ||    46
         Leather armour    |     3 |     3 ||     6
  Dodge: Dodged            |    38 |    59 ||    97

Table legend:
 A = Non-vault XP
 B = Vault XP
 C = Vault XP percentage of total XP
 D = Non-vault monster count
 E = Vault monster count
 F = Vault count percentage of total count
                 A         B        C        D         E       F
            +---------+---------+-------+---------+---------+-------
      Total |     561 |      78 |  12.2 |      77 |      13 |  14.4
            +---------+---------+-------+---------+---------+-------
        D:1 |      43 |       0 |   0.0 |      27 |       0 |   0.0
        D:2 |      30 |       6 |  16.7 |       8 |       3 |  27.3
        D:3 |     135 |      36 |  21.1 |      21 |       9 |  30.0
        D:4 |     248 |      36 |  12.7 |      18 |       1 |   5.3
        D:5 |     105 |       0 |   0.0 |       3 |       0 |   0.0
            +---------+---------+-------+---------+---------+-------
